 Dungeon Crawl Stone Soup version 0.17.1-3-g152610e (webtiles) character file.

14258 kaze the Cleaver (level 11, -13/97 HPs)
             Began as a Demonspawn Gladiator on Mar 28, 2016.
             Was an Elder of Trog.
             Mangled by a skeletal warrior
             ... wielding a +0 battleaxe
              (21 damage)
             ... on level 11 of the Dungeon.
             The game lasted 00:23:47 (10600 turns).

kaze the Cleaver (Demonspawn Gladiator)            Turns: 10600, Time: 00:23:47

Health: -13/97     AC: 17    Str: 20    XL:     11   Next: 86%
Magic:  11/11      EV:  9    Int: 11    God:    Trog [****..]
Gold:   633        SH:  3    Dex: 11    Spells: 0 memorised, 10 levels left

rFire  + . .     SeeInvis .     r - +4 war axe (venom)
rCold  + . .     Clarity  +     m - +0 chain mail
rNeg   . . .     SustAt   .     H - +0 buckler
rPois  +         Gourm    .     c - +0 helmet
rElec  .         Spirit   .     v - +1 cloak
rCorr  +         Warding  .     (no gloves)
rMut   .         Stasis   .     (no boots)
MR     .....                    u - amulet of resist corrosion
Stlth  ..........               n - ring of poison resistance
                                s - +2 ring of strength

@: exhausted, slowed, very slow, not resistant to hostile enchantments,
extremely unstealthy
A: talons 1, slimy green scales 1, breathe flames 1, clarity, clumsy 1, cold
resistance 1, demonic guardian 2, deterioration 1, fire resistance 1, foul
stench 1, robust 1, no device heal 1, rot immunity, MP-powered wands
a: Berserk, Trog's Hand, Brothers in Arms, Burn Spellbooks, Renounce Religion,
Breathe Fire


You were on level 11 of the Dungeon.
You worshipped Trog.
Trog was greatly pleased with you.
You were near starving.

You visited 1 branch of the dungeon, and saw 11 of its levels.
You also visited: Sewer.

You collected 633 gold pieces.

Inventory:

Hand Weapons
 r - a +4 war axe of venom (weapon)
Missiles
 d - 5 throwing nets (quivered)
Armour
 c - a +0 helmet (worn)
 m - a +0 chain mail (worn)
 v - a +1 cloak (worn)
 H - a +0 buckler (worn)
Jewellery
 n - a ring of poison resistance (right hand)
 s - a +2 ring of strength (left hand)
 u - an amulet of resist corrosion (around neck)
 F - an uncursed ring of wizardry {unknown}
Wands
 a - a wand of paralysis (7)
 e - a wand of magic darts (20)
 g - a wand of enslavement (6)
 w - a wand of fire (11)
 y - a wand of fire (8)
 z - a wand of slowing (15)
 C - a wand of polymorph (9)
Scrolls
 i - a scroll of recharging
 q - 5 scrolls of teleportation
 A - a scroll of blinking
 B - 2 scrolls of identify
 D - 2 scrolls of noise
 E - 2 scrolls of remove curse
Potions
 b - 2 potions of resistance
 f - 2 potions of heal wounds
 h - 5 potions of curing
 k - 2 potions of agility
 o - 3 potions of haste
Comestibles
 j - 4 slices of pizza
 l - a beef jerky
 p - 4 bread rations
 t - a meat ration
 x - 2 royal jellies
 G - a fruit
 I - 7 chunks of flesh


   Skills:
 + Level 9.3 Fighting
 + Level 10.3 Axes
 + Level 1.7 Throwing
 + Level 10.1 Armour
 + Level 6.7 Dodging
 + Level 3.1 Stealth


You had 10 spell levels left.
You didn't know any spells.

Dungeon Overview and Level Annotations

Branches:
Dungeon (11/15)            Temple (0/1) D:4            Lair (0/8) D:9
    Orc (0/4) D:10

Altars:
Kikubaaqudgha
Makhleb
Ru
Trog
Vehumet

Shops:
D:9 !   D:11 :


Innate Abilities, Weirdness & Mutations

You have sharp toenails.
You are partially covered in slimy green scales (AC +2).
A demonic guardian rushes to your aid.
You may emit foul miasma when damaged in melee.
You are immune to rotting.
You can breathe flames.
You possess an exceptional clarity of mind.
You are clumsy. (Dex -2)
Your flesh is cold resistant.
Your body sometimes deteriorates upon taking damage.
Your flesh is heat resistant.
You are robust (+10% HP).
Potions and wands are less effective at restoring your health.
You expend magic power (3 MP) to strengthen your wands.


Message History

Your sixfirhy closely misses the skeletal warrior.
You hit the skeletal warrior but do no damage.
Your sixfirhy hits the skeletal warrior but does no damage. x2
Your sixfirhy hits the skeletal warrior.
Your sixfirhy shocks the skeletal warrior!
Your sixfirhy barely misses the skeletal warrior.
The skeletal warrior hits you with a battleaxe!
* * * LOW HITPOINT WARNING * * *
The skeletal warrior misses your sixfirhy.
You closely miss the skeletal warrior. Your kick misses the skeletal warrior.
The skeletal warrior is lightly damaged.
Your sixfirhy disappears in a puff of smoke!
The skeletal warrior hits you with a battleaxe!!
* * * LOW HITPOINT WARNING * * *
Unknown command.
You slash the skeletal warrior!
You claw the skeletal warrior, but do no damage.
The skeletal warrior is moderately damaged.
The skeletal warrior hits you with a battleaxe!!
You die...

#..'..'..#...#
#..##'####'##...#
#..#..#..#..#z..#
#..#..#|.#..#.z.# #
#..##'#'##÷##...# #
#..#..#..').#z..# # #..#
#..#..#..#..#...# # #..#
#.†#†########...# # #..#
#....@zz).......# # #..#
#..####z........# # #..# #..#
#.....)...# #
#.(#####(.####.........#
#####.......(<.............#
.............................
##############################


You could see 3 skeletal warriors.

Vanquished Creatures
  A sphinx (D:11)
  Sonja (D:10)
  An unseen horror (D:11)
  Pikel (D:4)
  A hill giant (D:10)
  An ugly thing (D:11)
  Joseph (D:10)
  A centaur zombie (D:11)
  The ghost of F1L1N the Ducker, an amateur TrBe of Trog (D:6)
  A tengu conjurer (D:11)
  A troll (D:10)
  Prince Ribbit (D:9)
  A deep elf mage (D:10)
  8 yaks
  A wraith (D:10)
  A hill giant zombie (D:10)
  4 hippogriffs
  A hungry ghost (D:10)
  A mottled dragon (D:10)
  4 sky beasts
  2 orc warriors
  Purgy (Sewer)
  2 slaves (D:4)
  A phantom (D:10)
  A wasp (D:11)
  5 ogres
  4 centaurs
  7 giant frogs
  3 big kobolds
  A gnoll sergeant (D:10)
  2 wyvern skeletons
  13 killer bees (D:8)
  2 troll zombies (D:10)
  4 crimson imps
  A centaur skeleton (D:6)
  5 orc priests
  A giant frog skeleton (D:5)
  5 hounds
  A jelly (D:6)
  5 orc wizards
  An iguana (D:4)
  10 worker ants
  2 ogre zombies (D:10)
  2 hound skeletons
  16 adders
  2 river rats (D:4)
  4 gnolls (D:10)
  4 shadow imps
  2 oozes
  An adder skeleton (D:9)
  2 adder zombies
  2 worms
  8 giant geckos
  10 orcs
  2 giant cockroaches
  3 goblins
  9 hobgoblins
  3 jackals (D:8)
  6 quokkas
  4 ball pythons
  5 bats
  A giant gecko skeleton (D:8)
  5 giant newts
  2 goblin skeletons (D:10)
  A goblin zombie (D:10)
  3 hobgoblin zombies (D:10)
  9 kobolds
  12 orc zombies (D:10)
  A quokka skeleton (D:5)
  4 rats
235 creatures vanquished.

Vanquished Creatures (collateral kills)
  Erolcha (D:10)
  A hydra (shapeshifter) (D:11)
  2 skeletal warriors (D:11)
  A flayed ghost (D:11)
  2 hill giants (D:10)
  A queen bee (D:8)
  A black bear (D:6)
  A crocodile (D:10)
  4 killer bees (D:8)
  A troll zombie (D:10)
  2 orcs (D:3)
  An orc zombie (D:10)
18 creatures vanquished.

Vanquished Creatures (others)
  A hobgoblin (D:2)
1 creature vanquished.

Grand Total: 254 creatures vanquished

Notes
Turn   | Place    | Note
--------------------------------------------------------------
     0 | D:1      | kaze the Demonspawn Gladiator began the quest for the Orb.
     0 | D:1      | Reached XP level 1. HP: 16/16 MP: 1/1
   512 | D:1      | Gained mutation: A weak demonic guardian rushes to your aid. [demonic ancestry]
   512 | D:1      | Reached XP level 2. HP: 22/22 MP: 2/2
   575 | D:1      | Reached skill level 3 in Axes
   864 | D:2      | Reached XP level 3. HP: 9/27 MP: 3/3
  1219 | D:2      | Reached skill level 1 in Armour
  1462 | D:2      | Found a bloodstained altar of Trog.
  1469 | D:2      | Gained mutation: You are immune to rotting. [demonic ancestry]
  1469 | D:2      | Reached XP level 4. HP: 23/34 MP: 4/4
  1476 | D:2      | Became a worshipper of Trog the Wrathful
  1725 | D:2      | Found an ancient bone altar of Kikubaaqudgha.
  2607 | D:3      | Reached * piety under Trog
  2646 | D:3      | Gained mutation: You have sharp toenails. [demonic ancestry]
  2646 | D:3      | Reached XP level 5. HP: 27/39 MP: 5/5
  2728 | D:3      | Reached skill level 4 in Dodging
  2760 | D:4      | Noticed an ogre
  2770 | D:4      | Killed an ogre
  2770 | D:4      | Reached skill level 1 in Stealth
  2938 | D:4      | Gained mutation: You are partially covered in slimy green scales (AC +2). [demonic ancestry]
  2938 | D:4      | Reached XP level 6. HP: 19/47 MP: 6/6
  2952 | D:4      | Found a glowing drain.
  3126 | Sewer    | Entered a sewer
  3158 | Sewer    | Noticed Purgy
  3163 | Sewer    | Killed Purgy
  3272 | D:4      | Noticed Pikel
  3272 | D:4      | Noticed a slave
  3273 | D:4      | Noticed a slave
  3273 | D:4      | Noticed a slave
  3273 | D:4      | Noticed a slave
  3288 | D:4      | Killed a slave
  3295 | D:4      | Killed a slave
  3300 | D:4      | Killed Pikel
  3300 | D:4      | Reached XP level 7. HP: 37/55 MP: 7/7
  3431 | D:4      | Reached skill level 5 in Axes
  3454 | D:4      | Found a staircase to the Ecumenical Temple.
  3762 | D:5      | Entered Level 5 of the Dungeon
  3784 | D:5      | Gained mutation: You may emit foul miasma when damaged in melee. [demonic ancestry]
  3784 | D:5      | Reached XP level 8. HP: 61/61 MP: 8/8
  3907 | D:5      | Reached ** piety under Trog
  3917 | D:5      | Reached skill level 5 in Fighting
  3925 | D:5      | Gained mutation: You have razor-sharp toenails. [mutagenic meat]
  3926 | D:5      | Gained mutation: You expend magic power (3 MP) to strengthen your wands. [mutagenic meat]
  3927 | D:5      | Gained mutation: You can breathe flames. [mutagenic meat]
  3928 | D:5      | Gained mutation: You are clumsy. (Dex -2) [mutagenic meat]
  4352 | D:5      | Reached skill level 5 in Armour
  4699 | D:5      | Got a faintly glowing spear
  4700 | D:5      | Identified the +1 spear of Foul Odors {pierce, rPois Dex+4} (You found it on level 5 of the Dungeon)
  4992 | D:6      | Reached skill level 6 in Axes
  5398 | D:6      | Noticed F1L1N's ghost (amateur TrBe)
  5400 | D:6      | Gained mutation: A demonic guardian rushes to your aid. [demonic ancestry]
  5400 | D:6      | Reached XP level 9. HP: 57/69 MP: 9/9
  5406 | D:6      | Killed F1L1N's ghost
  5406 | D:6      | Reached skill level 5 in Dodging
  5756 | D:7      | Reached skill level 7 in Axes
  5765 | D:7      | Found a radiant altar of Vehumet.
  6247 | D:8      | Reached *** piety under Trog
  6645 | D:8      | Reached XP level 10. HP: 71/77 MP: 10/10
  6696 | D:8      | Found a burning altar of Makhleb.
  7138 | D:9      | Found Feinkesa's Distillery.
  7182 | D:9      | Found a staircase to the Lair.
  7219 | D:9      | Received a gift from Trog
  7230 | D:9      | Noticed Prince Ribbit
  7240 | D:9      | Killed Prince Ribbit
  7258 | D:9      | Found a sacrificial altar of Ru.
  7334 | D:9      | Reached skill level 8 in Axes
  7522 | D:10     | Entered Level 10 of the Dungeon
  7556 | D:10     | Noticed a hill giant
  7563 | D:10     | Killed a hill giant
  7639 | D:10     | Found a staircase to the Orcish Mines.
  8472 | D:10     | Noticed Joseph
  8488 | D:10     | Killed Joseph
  8539 | D:10     | Noticed Sonja
  8560 | D:10     | Killed Sonja
  8577 | D:10     | Reached skill level 9 in Axes
  9020 | D:10     | Noticed a hill giant
  9026 | D:10     | Killed a hill giant
  9050 | D:10     | Noticed Erolcha
  9055 | D:10     | Killed Erolcha
  9055 | D:10     | Reached XP level 11. HP: 38/86 MP: 11/11
  9478 | D:10     | Noticed a hill giant
  9483 | D:10     | Killed a hill giant
  9554 | D:10     | Reached **** piety under Trog
  9675 | D:11     | Gained mutation: Your flesh is heat resistant. [mutagenic meat]
  9677 | D:11     | Lost mutation: You have razor-sharp toenails. [mutagenic meat]
  9678 | D:11     | Gained mutation: Potions and wands are less effective at restoring your health. [mutagenic meat]
  9695 | D:11     | Found Huekh's Book Boutique.
  9696 | D:11     | Gained mutation: Your body sometimes deteriorates upon taking damage. [potion of mutation]
  9696 | D:11     | Gained mutation: Your flesh is cold resistant. [potion of mutation]
  9753 | D:11     | Noticed a skeletal warrior
  9769 | D:11     | Killed a skeletal warrior
 10327 | D:11     | Killed an unseen horror
 10444 | D:11     | Found a runed door.
 10449 | D:11     | Reached skill level 10 in Axes
 10452 | D:11     | Noticed a flayed ghost
 10459 | D:11     | Killed a flayed ghost
 10496 | D:11     | Noticed an ettin
 10496 | D:11     | Noticed a sphinx
 10509 | D:11     | Killed a sphinx
 10510 | D:11     | Noticed a six-headed hydra
 10520 | D:11     | Killed an 11-headed hydra
 10520 | D:11     | Reached skill level 10 in Armour
 10531 | D:11     | Gained mutation: You possess an exceptional clarity of mind. [mutagenic meat]
 10533 | D:11     | Gained mutation: You are robust (+10% HP). [mutagenic meat]
 10575 | D:11     | Noticed a skeletal warrior
 10579 | D:11     | Noticed a skeletal warrior
 10581 | D:11     | Noticed a skeletal warrior
 10582 | D:11     | Noticed a skeletal warrior
 10595 | D:11     | Killed a skeletal warrior
 10600 | D:11     | Mangled by a skeletal warrior

Action                   |  1- 3 |  4- 6 |  7- 9 | 10-12 || total
-------------------------+-------+-------+-------+-------++-------
Melee: War axe           |    95 |   135 |   233 |   312 ||   775
Invok: Berserk           |       |     2 |     5 |     7 ||    14
       Trog's Hand       |       |       |     3 |     4 ||     7
       Burn Spellbooks   |       |       |       |     1 ||     1
 Abil: Breathe Fire      |       |       |     1 |     1 ||     2
  Use: Scroll            |     2 |       |    14 |     5 ||    21
       Potion            |       |     1 |     1 |     7 ||     9
 Stab: Sleeping          |     2 |       |       |       ||     2
       Distracted        |       |       |       |     1 ||     1
  Eat: Bread ration      |     1 |     1 |     1 |       ||     3
       Chunk             |       |       |     5 |    11 ||    16
       Meat ration       |       |       |     3 |     1 ||     4
       Royal jelly       |       |       |       |     5 ||     5
